 Dungeon Crawl Stone Soup version 0.32-a0-128-g77eb882913 (webtiles) character file.

Game seed: 14034054725058801175

32456 cforsyth the Warrior (level 14, -14/103 (117) HPs)
             Began as a Djinni Hexslinger on Feb 8, 2024.
             Killed from afar by a laughing skull (31 damage)
             ... with a bolt of negative energy
             ... in a Gauntlet.
             The game lasted 00:41:25 (20428 turns).

cforsyth the Warrior (Djinni Hexslinger)           Turns: 20428, Time: 00:41:27

HP:   -14/103 (117) AC: 13    Str:  7    XL:     14   Next: 2%
Gold: 1131          EV: 12    Int: 22    God:
                    SH:  0    Dex: 17

rFire   + + +        a - +3 rapier of Upheaval {flame, rElec Int+3}
rCold   + . .        (no shield)
rNeg    . . .        F - +2 robe {rC+}
rPois   ∞            D - +0 helmet
rElec   +            K - scarf {rC+ rF+}
rCorr   .            (no gloves)
SInv    .            (boots unavailable)
Will    +....        (no amulet)
Stlth   ++           T - +4 ring of protection
HPRegen 0.37/turn    t - +4 ring of protection
MPRegen 0.00/turn

%: no teleportation, infuse magic (-15 HP)
@: flying, heavily drained, invisible
A: sickness immunity, fire resistance 2, cold vulnerability 1, float, innate
caster, HP casting, extra vitality 1
a: no special abilities


You were in a Gauntlet.
You visited 2 branches of the dungeon, and saw 16 of its levels.
You also visited: Bailey and Gauntlet.

You collected 1131 gold pieces.


Innate Abilities, Weirdness & Mutations

You are immune to sickness and miasma.
You are immune to poison.
Your flesh is very heat resistant. (rF++)
You are vulnerable to cold. (rC-)
You float through the air rather than walking.
You learn spells naturally, not from books.
Your magical power is your life essence.
You have superior vitality. (+4 MHP)


   Skills:
 + Level 16.4 Fighting
 - Level 1.5 Ranged Weapons
 - Level 2.1 Dodging
 + Level 12.8 Spellcasting
 + Level 12.8 Conjurations
 + Level 12.8 Hexes
 + Level 12.8 Summonings
 + Level 12.8 Necromancy
 + Level 12.8 Translocations
 + Level 12.8 Fire Magic
 + Level 12.8 Ice Magic
 + Level 12.8 Air Magic
 + Level 12.8 Earth Magic
 + Level 12.8 Alchemy


You knew the following spells:

 Your Spells              Type           Power      Damage    Failure   Level
a - Momentum Strike       Conj/Tloc      100%       3d10      1%          2
c - Cause Fear            Hex            31%        N/A       1%          4
d - Tukima's Dance        Hex            63%        N/A       1%          3
f - Inner Flame           Hex/Fire       63%        N/A       1%          3
i - Alistair's Intoxicat  Alch           42%        N/A       1%          5
l - Leda's Liquefaction   Alch/Erth      31%        N/A       1%          4
m - Magic Dart            Conj           100%       1d8       1%          1
y - Curse of Agony        Necr           63%        N/A       1%          5
X - Jinxbite              Hex            100%       N/A       1%          2
Y - Sigil of Binding      Hex            63%        N/A       1%          3
Z - Dimensional Bullseye  Hex/Tloc       31%        N/A       1%          4
Your spell library was empty.

Inventory:

Hand Weapons
 a - the +3 rapier of Upheaval (weapon) {flame, rElec Int+3}
   (You took it off a goblin on level 3 of the Dungeon)

   Int+3:     It affects your intelligence (+3).
   rElec:     It insulates you from electricity.
Armour
 q - a +1 pair of gloves of hurling
 y - a +1 pair of gloves
 D - a +0 helmet (worn)
 F - a +2 robe of cold resistance (worn)
 K - a scarf of resistance (worn)
 Q - a +2 pair of gloves
Magical Staves
 v - a staff of conjuration {!a!a}
 U - the staff of Lostar {*Slow rN+ Int+3 Dex+3 Stlth+ Necro, !a!a}
   (You found it on level 12 of the Dungeon)

   [staff of death]

   Base accuracy: +5 Base damage: 5 Base attack delay: 1.2 This weapon's minimum
   attack delay (0.6) is reached at skill level 12.
   Int+3:     It affects your intelligence (+3).
   Dex+3:     It affects your dexterity (+3).
   rN+:       It protects you from negative energy.
   *Slow:     It may slow you when you take damage.
   Stlth+:    It makes you more stealthy.
   Necro:     It increases the power of your Necromancy spells.
   It falls into the 'Staves' category.
   It is a one-handed weapon.
Jewellery
 c - a ring of protection from cold
 n - a ring of positive energy
 t - a +4 ring of protection (right hand)
 A - a +4 ring of protection
 C - a ring of ice
 I - a +6 ring of intelligence
 M - an amulet of faith {!P!P}
 N - a ring of positive energy
 R - a ring of resist corrosion
 S - a +6 ring of strength
 T - a +4 ring of protection (left hand)
 W - a ring of willpower
Wands
 g - a wand of digging (10)
 u - a wand of quicksilver (19)
 z - a wand of paralysis (3)
 G - a wand of flame (37)
 V - a wand of polymorph (6)
 Z - a wand of iceblast (4)
Scrolls
 b - 6 scrolls of poison
 e - a scroll of immolation
 l - 8 scrolls of enchant armour
 p - a scroll of amnesia {unknown}
 r - 2 scrolls of enchant weapon {unknown}
 s - 3 scrolls of vulnerability
 w - 2 scrolls of noise
 B - 2 scrolls of fear
 J - a scroll of teleportation {@r2@r2}
 L - a scroll of silence {unknown}
 X - 2 scrolls of acquirement
 Y - a scroll of fog
Potions
 d - 3 potions of mutation
 f - 3 potions of enlightenment
 h - 5 potions of heal wounds {@q2@q2}
 i - 2 potions of invisibility
 j - 4 potions of brilliance
 k - 2 potions of lignification
 m - 4 potions of berserk rage {!q!q}
 o - 8 potions of curing {@q1@q1}
 x - a potion of resistance
 E - a potion of ambrosia
 H - 4 potions of might

Dungeon Overview and Level Annotations

Branches:
Dungeon (12/15)            Temple (0/1) D:4            Lair (4/5) D:9
  Swamp (0/4) Lair:3       Spider (0/4) Lair:3        Slime (0/5) Lair:4
    Orc (0/2) D:11         Bailey (visited)         Gauntlet (1/1)

Altars:
Ashenzari
Cheibriados
Elyvilon
Fedhas
Gozag
Makhleb
Nemelex Xobeh
Okawaru
Qazlal
Uskayaw
Wu Jian
Xom
Yredelemnul

Shops:
D:7 *

Annotations:
D:6 2 runed translucent doors, Pokonic1's ghost, novice DsFi
D:7 1 runed translucent door, Sobieck's ghost, novice GnFi Gauntlet 11 transporters

▒▒▒▒▒▒▒▒▒▒▒▒▒
▒▒▒▒▒▒▒▒▒▒▒▒▒▒§▒§▒≈▒≈▒≈▒≈▒▒▒▒▒▒▒▒
▒≈▒§▒≈▒≈▒≈▒≈▒.§...........▒≈▒≈▒≈▒
.............§§§∩..ß..∩..........
ß.....ß.....ß......©......ß.....ß
......©.......▒▒▒▒▒▒▒▒▒▒▒.......©
..▒▒▒▒▒▒▒▒▒...▒.§§≈...≈.▒...▒▒▒▒▒
..▒.......▒...▒zz§.≈..≈.▒...▒t...
..▒.▒▒▒▒.✱▒...▒§@§≈≈.≈≈.▒...▒.ß.ß
..▒.▒...▒3▒...▒z§§...≈..▒...▒..P.
ß.▒.▒.©.▒3▒.ß.▒≈z.§§≈.≈≈▒.ß.▒.#.©
..▒.▒...▒.▒...▒.≈.§≈≈.≈.▒...▒..P.
..▒..▒▒▒▒.▒...▒.≈≈§§.≈..▒...▒.▓.░
..▒.!=©.=.▒...▒.≈...≈.§.▒...▒.=:©
..▒▒▒▒▒▒▒▒▒...▒..≈)©).§[▒...▒▒▒▒▒
....▒.©.▒.....▒▒▒▒▒▒▒▒▒▒▒.....▒.©
ß...▒.ß.▒...ß....▒.©.▒....ß...▒.ß


You could see a wretched star, 2 neqoxecs and 4 laughing skulls.


Message History

Okay, then.
You fade into invisibility!
The laughing skull is engulfed in blazing flames.
The laughing skull barely misses you. The laughing skull headbutts you.
* * * LOW HITPOINT WARNING * * *
The laughing skull is engulfed in blazing flames.
The laughing skull closely misses you.
The laughing skull is engulfed in blazing flames.
The laughing skull closely misses you.
The laughing skull headbutts you but does no damage.
The laughing skull lets out a vicious peal of laugher.
The bolt of negative energy misses you.
The bolt of negative energy hits the laughing skull.
The laughing skull completely resists.
The laughing skull is engulfed in blazing flames.
The laughing skull headbutts you.
* * * LOW HITPOINT WARNING * * *
The laughing skull is engulfed in blazing flames.
The laughing skull gives a hideous shriek!
Unknown command.
Unknown command.
As you read the scroll labelled BICAZAS VYDD, it crumbles to dust.
Your body is wracked with pain!
* * * LOW HITPOINT WARNING * * *
It was a scroll of torment.
The laughing skull misses you.
The laughing skull is engulfed in blazing flames.
The laughing skull lets out a vicious peal of laugher.
The bolt of negative energy hits you!!
You feel drained.
You die...
The laughing skull crumbles to pieces from sheer joy.

Skill      XL: |  1  2  3  4  5  6  7  8  9 10 11 12 13 |
---------------+----------------------------------------+-----
Spellcasting   | 3 4 5 6 7 8 10 11 12 | 12.8
Conjurations   | 3 4 5 6 7 8 10 11 12 | 12.8
Hexes          | 3 4 5 6 7 8 10 11 12 | 12.8
Summonings     | 3 4 5 6 7 8 10 11 12 | 12.8
Necromancy     | 3 4 5 6 7 8 10 11 12 | 12.8
Translocations | 3 4 5 6 7 8 10 11 12 | 12.8
Fire Magic     | 3 4 5 6 7 8 10 11 12 | 12.8
Ice Magic      | 3 4 5 6 7 8 10 11 12 | 12.8
Air Magic      | 3 4 5 6 7 8 10 11 12 | 12.8
Earth Magic    | 3 4 5 6 7 8 10 11 12 | 12.8
Alchemy        | 3 4 5 6 7 8 10 11 12 | 12.8
Fighting       | 2 3 4 5 7 9 11 13 14 16 | 16.4
Ranged Weapons | |  1.5
Dodging        | |  2.1

Action                     |  1- 3 |  4- 6 |  7- 9 | 10-12 | 13-15 || total
---------------------------+-------+-------+-------+-------+-------++-------
  Melee: Rapier            |       |     5 |       |     1 |     2 ||     8
   Fire: Sling             |    62 |       |       |       |       ||    62
   Cast: Magic Dart        |    50 |   154 |   191 |   430 |   175 ||  1000
         Inner Flame       |       |    19 |    55 |   146 |    58 ||   278
         Momentum Strike   |       |     1 |       |     2 |       ||     3
         Cause Fear        |       |     2 |     1 |       |       ||     3
         Tukima's Dance    |       |       |     9 |     4 |       ||    13
         Leda's Liquefacti |       |       |       |     1 |       ||     1
  Evoke: Wand              |       |       |       |    19 |    12 ||    31
    Use: Scroll            |       |       |       |    16 |     8 ||    24
         Potion            |       |       |       |     2 |     1 ||     3
 Armour: Robe              |    29 |    43 |    43 |   207 |   139 ||   461
  Dodge: Dodged            |    24 |    42 |    29 |    93 |    67 ||   255

Levels and vault maps discovered:
D:1:      erik_arrival_triangle_medium, layout_loops_ring
D:2:      layout_basic
D:3:      layout_rooms, serial_bayou_ford_a
D:4:      layout_basic, demons_altar, minmay_temple_entry_enclosed_plants,
          minmay_starry_boxes
D:5:      layout_cave_pods, mainiacjoe_overflow_boulevard,
          mainiacjoe_overflow_cross_hatched, nicolae_zig_zag_zippers,
          uniq_duvessa, uniq_sigmund
D:6:      layout_cave_pools, ebering_ghost_disaster_area, columned_hall_lemuel,
          uniq_maggie
D:7:      layout_gridville, mainiacjoe_overflow_tiny_flanked,
          ebering_ghost_inner_flame, chequers_serial_rivers_small_a,
          nicolae_shop_sticking_my_neck_out
D:8:      layout_basic, minmay_mini_ossuary
D:9:      layout_basic, slow_altar_2, lair_entry_dummy, enter_bailey_6
D:10:     layout_rooms, mainiacjoe_overflow_alcove_2, minitemple,
          mainiacjoe_overflow_big_doors
D:11:     layout_basic, david_orc_4
D:12:     lemuel_ogre_cave, layout_small_grid
Lair:1:   layout_roguey
Lair:2:   layout_cave_pods
Lair:3:   layout_chaotic_city, swamp_mist, spider_nest_entry_funnel_web
Lair:4:   gammafunk_lair_enchanted_lake, layout_long_grid,
          minmay_slime_entry_pillars, gauntlet_entry_generic, tgw_fedhas
Gauntlet: minmay_gauntlet_mixed_oops_all_seconds [minmay_gauntlet_arena_77_box,
          nicolae_gauntlet_arena_flowing_pool, minmay_gauntlet_arena_77_museum,
          gammafunk_gauntlet_arena_crates,
          minmay_gauntlet_arena_77_radiant_squares,
          gammafunk_gauntlet_arena_hedges, dreamdust_gauntlet_exit_labyrinth]

Notes
Turn   | Place    | Note
-------+----------+-------------------------------------------
     0 | D:1      | cforsyth the Djinni Hexslinger began the quest for the Orb.
     0 | D:1      | cforsyth set off with the following spells memorised:
                  | Jinxbite, Sigil of Binding, Inner Flame, Cause Fear,
                  | Dimensional Bullseye.
     0 | D:1      | Reached XP level 1. HP: 17/17 MP: 0/0
   187 | D:1      | Reached XP level 2. HP: 21/22 MP: 0/0
   371 | D:1      | Reached skill level 3 in Spellcasting
   371 | D:1      | Reached skill level 3 in Conjurations
   371 | D:1      | Reached skill level 3 in Hexes
   371 | D:1      | Reached skill level 3 in Summonings
   371 | D:1      | Reached skill level 3 in Necromancy
   371 | D:1      | Reached skill level 3 in Translocations
   371 | D:1      | Reached skill level 3 in Fire Magic
   371 | D:1      | Reached skill level 3 in Ice Magic
   371 | D:1      | Reached skill level 3 in Air Magic
   371 | D:1      | Reached skill level 3 in Earth Magic
   371 | D:1      | Reached skill level 3 in Alchemy
   676 | D:2      | Reached skill level 2 in Fighting
   676 | D:2      | Reached XP level 3. HP: 28/28 MP: 0/0
   676 | D:2      | Learned a level 1 spell: Magic Dart
   706 | D:2      | Identified the +0 ring mail of the Other World {rElec rC-
                  | Dex+3}
  1436 | D:2      | Reached XP level 4. HP: 12/34 MP: 0/0
  1926 | D:3      | Reached skill level 3 in Fighting
  2147 | D:3      | Reached XP level 5. HP: 33/40 MP: 0/0
  2147 | D:3      | Learned a level 2 spell: Momentum Strike
  2148 | D:3      | Identified the +3 rapier of Upheaval {flame, rElec Int+3}
  2861 | D:4      | Reached skill level 4 in Fighting
  2861 | D:4      | Reached skill level 4 in Spellcasting
  2861 | D:4      | Reached skill level 4 in Conjurations
  2861 | D:4      | Reached skill level 4 in Hexes
  2861 | D:4      | Reached skill level 4 in Summonings
  2861 | D:4      | Reached skill level 4 in Necromancy
  2861 | D:4      | Reached skill level 4 in Translocations
  2861 | D:4      | Reached skill level 4 in Fire Magic
  2861 | D:4      | Reached skill level 4 in Ice Magic
  2861 | D:4      | Reached skill level 4 in Air Magic
  2861 | D:4      | Reached skill level 4 in Earth Magic
  2861 | D:4      | Reached skill level 4 in Alchemy
  2861 | D:4      | Reached XP level 6. HP: 41/47 MP: 0/0
  3741 | D:4      | Reached XP level 7. HP: 30/53 MP: 0/0
  3741 | D:4      | Learned a level 3 spell: Tukima's Dance
  3801 | D:4      | Reached skill level 5 in Fighting
  4561 | D:4      | Found a staircase to the Ecumenical Temple.
  4851 | D:4      | Reached skill level 5 in Spellcasting
  4851 | D:4      | Reached skill level 5 in Conjurations
  4851 | D:4      | Reached skill level 5 in Hexes
  4851 | D:4      | Reached skill level 5 in Summonings
  4851 | D:4      | Reached skill level 5 in Necromancy
  4851 | D:4      | Reached skill level 5 in Translocations
  4851 | D:4      | Reached skill level 5 in Fire Magic
  4851 | D:4      | Reached skill level 5 in Ice Magic
  4851 | D:4      | Reached skill level 5 in Air Magic
  4851 | D:4      | Reached skill level 5 in Earth Magic
  4851 | D:4      | Reached skill level 5 in Alchemy
  4875 | D:4      | Found a burning altar of Makhleb.
  5064 | D:5      | Entered Level 5 of the Dungeon
  5084 | D:5      | Reached XP level 8. HP: 50/61 MP: 0/0
  5132 | D:5      | Identified a scarf of resistance
  5155 | D:5      | Noticed Duvessa
  5187 | D:5      | Reached skill level 6 in Fighting
  5389 | D:5      | Found a blossoming altar of Fedhas.
  5603 | D:5      | Found a broken altar of Ashenzari.
  5626 | D:5      | Noticed Dowan
  5637 | D:5      | Killed Duvessa
  5638 | D:5      | Reached skill level 7 in Fighting
  5642 | D:5      | Killed Dowan
  5710 | D:5      | Reached skill level 6 in Spellcasting
  5710 | D:5      | Reached skill level 6 in Conjurations
  5710 | D:5      | Reached skill level 6 in Hexes
  5710 | D:5      | Reached skill level 6 in Summonings
  5710 | D:5      | Reached skill level 6 in Necromancy
  5710 | D:5      | Reached skill level 6 in Translocations
  5710 | D:5      | Reached skill level 6 in Fire Magic
  5710 | D:5      | Reached skill level 6 in Ice Magic
  5710 | D:5      | Reached skill level 6 in Air Magic
  5710 | D:5      | Reached skill level 6 in Earth Magic
  5710 | D:5      | Reached skill level 6 in Alchemy
  6235 | D:5      | Noticed Sigmund
  6238 | D:5      | Killed Sigmund
  6239 | D:5      | Reached XP level 9. HP: 65/69 MP: 0/0
  6239 | D:5      | Learned a level 4 spell: Leda's Liquefaction
  6304 | D:6      | Noticed Maggie
  6311 | D:6      | Killed Maggie
  6312 | D:6      | Reached skill level 8 in Fighting
  6696 | D:6      | Found a large runed translucent door.
  6696 | D:6      | Found a large runed translucent door.
  6700 | D:6      | Noticed Pokonic1's ghost (novice DsFi)
  6852 | D:6      | Reached skill level 7 in Spellcasting
  6852 | D:6      | Reached skill level 7 in Conjurations
  6852 | D:6      | Reached skill level 7 in Hexes
  6852 | D:6      | Reached skill level 7 in Summonings
  6852 | D:6      | Reached skill level 7 in Necromancy
  6852 | D:6      | Reached skill level 7 in Translocations
  6852 | D:6      | Reached skill level 7 in Fire Magic
  6852 | D:6      | Reached skill level 7 in Ice Magic
  6852 | D:6      | Reached skill level 7 in Air Magic
  6852 | D:6      | Reached skill level 7 in Earth Magic
  6852 | D:6      | Reached skill level 7 in Alchemy
  7260 | D:7      | Reached skill level 9 in Fighting
  7502 | D:7      | Found Upliagoera's Neck Hole.
  7526 | D:7      | Reached XP level 10. HP: 57/78 MP: 0/0
  7728 | D:7      | Found a stormy altar of Qazlal.
  7731 | D:7      | Found a runed translucent door.
  7742 | D:7      | Identified a scarf of resistance
  7748 | D:7      | Noticed Sobieck's ghost (novice GnFi)
  8411 | D:8      | Reached skill level 10 in Fighting
  8442 | D:8      | You are sucked into a shaft and drop 1 floor!
  8473 | D:9      | Reached skill level 8 in Spellcasting
  8473 | D:9      | Reached skill level 8 in Conjurations
  8473 | D:9      | Reached skill level 8 in Hexes
  8473 | D:9      | Reached skill level 8 in Summonings
  8473 | D:9      | Reached skill level 8 in Necromancy
  8473 | D:9      | Reached skill level 8 in Translocations
  8473 | D:9      | Reached skill level 8 in Fire Magic
  8473 | D:9      | Reached skill level 8 in Ice Magic
  8473 | D:9      | Reached skill level 8 in Air Magic
  8473 | D:9      | Reached skill level 8 in Earth Magic
  8473 | D:9      | Reached skill level 8 in Alchemy
  8540 | D:9      | Found a flagged portal.
  8592 | Bailey   | Entered a bailey
  8955 | Bailey   | Identified a +0 crystal plate armour
  9391 | Bailey   | Reached skill level 11 in Fighting
  9801 | Bailey   | Reached XP level 11. HP: 76/87 MP: 0/0
  9801 | Bailey   | Learned a level 5 spell: Alistair's Intoxication
  9803 | Bailey   | Reached skill level 9 in Spellcasting
  9803 | Bailey   | Reached skill level 9 in Conjurations
  9803 | Bailey   | Reached skill level 9 in Hexes
  9803 | Bailey   | Reached skill level 9 in Summonings
  9803 | Bailey   | Reached skill level 9 in Necromancy
  9803 | Bailey   | Reached skill level 9 in Translocations
  9803 | Bailey   | Reached skill level 9 in Fire Magic
  9803 | Bailey   | Reached skill level 9 in Ice Magic
  9803 | Bailey   | Reached skill level 9 in Air Magic
  9803 | Bailey   | Reached skill level 9 in Earth Magic
  9803 | Bailey   | Reached skill level 9 in Alchemy
 10203 | D:9      | Found a snail-covered altar of Cheibriados.
 10536 | D:9      | Found a staircase to the Lair.
 10714 | D:10     | Entered Level 10 of the Dungeon
 10714 | D:10     | Found an opulent altar of Gozag.
 10907 | D:10     | Found a sparkling altar of Nemelex Xobeh.
 11061 | D:10     | Reached skill level 12 in Fighting
 11190 | D:10     | Found a white marble altar of Elyvilon.
 11192 | D:10     | Found a shimmering altar of Xom.
 11309 | D:10     | Found an ornate altar of the Wu Jian Council.
 11311 | D:10     | Found a basalt altar of Yredelemnul.
 11312 | D:10     | Found a hide-covered altar of Uskayaw.
 11313 | D:10     | Found an iron altar of Okawaru.
 11490 | D:11     | Noticed a cyclops
 11497 | D:11     | Killed a cyclops
 11506 | D:11     | Noticed a purple ugly thing
 11512 | D:11     | Killed a purple ugly thing
 11701 | D:11     | Noticed a manticore
 11706 | D:11     | Killed a manticore
 11734 | D:11     | HP: 9/90 [spore (5)]
 11750 | D:11     | Noticed a boulder beetle
 12250 | D:11     | Reached skill level 10 in Spellcasting
 12250 | D:11     | Reached skill level 10 in Conjurations
 12250 | D:11     | Reached skill level 10 in Hexes
 12250 | D:11     | Reached skill level 10 in Summonings
 12250 | D:11     | Reached skill level 10 in Necromancy
 12250 | D:11     | Reached skill level 10 in Translocations
 12250 | D:11     | Reached skill level 10 in Fire Magic
 12250 | D:11     | Reached skill level 10 in Ice Magic
 12250 | D:11     | Reached skill level 10 in Air Magic
 12250 | D:11     | Reached skill level 10 in Earth Magic
 12250 | D:11     | Reached skill level 10 in Alchemy
 12451 | D:11     | Killed a boulder beetle
 13104 | D:11     | Found a staircase to the Orcish Mines.
 13205 | D:11     | Reached skill level 13 in Fighting
 13534 | D:12     | Noticed a boulder beetle
 13773 | D:12     | Noticed a cyclops
 13775 | D:12     | Noticed a cyan ugly thing
 13776 | D:12     | Killed a cyclops
 13777 | D:12     | Reached XP level 12. HP: 94/98 MP: 0/0
 13828 | D:12     | Killed a boulder beetle
 14204 | D:12     | Noticed a two-headed ogre
 14207 | D:12     | Noticed a two-headed ogre
 14226 | D:12     | Killed a two-headed ogre
 14548 | D:12     | Noticed a two-headed ogre
 14555 | D:12     | Reached skill level 11 in Spellcasting
 14555 | D:12     | Reached skill level 11 in Conjurations
 14555 | D:12     | Reached skill level 11 in Hexes
 14555 | D:12     | Reached skill level 11 in Summonings
 14555 | D:12     | Reached skill level 11 in Necromancy
 14555 | D:12     | Reached skill level 11 in Translocations
 14555 | D:12     | Reached skill level 11 in Fire Magic
 14555 | D:12     | Reached skill level 11 in Ice Magic
 14555 | D:12     | Reached skill level 11 in Air Magic
 14555 | D:12     | Reached skill level 11 in Earth Magic
 14555 | D:12     | Reached skill level 11 in Alchemy
 14813 | D:12     | Killed a two-headed ogre
 14814 | D:12     | Reached skill level 14 in Fighting
 14816 | D:12     | Killed a two-headed ogre
 15274 | D:12     | Noticed a two-headed ogre
 15275 | D:12     | Noticed a two-headed ogre
 15309 | D:12     | Killed a two-headed ogre
 15362 | D:12     | Noticed an ogre mage
 15386 | D:12     | Killed a two-headed ogre
 15397 | D:12     | Killed an ogre mage
 15582 | D:12     | Noticed a two-headed ogre
 15589 | D:12     | Killed a two-headed ogre
 15642 | D:12     | Identified the staff of Lostar {*Slow rN+ Int+3 Dex+3
                  | Stlth+ Necro}
 15781 | Lair:1   | Entered Level 1 of the Lair of Beasts
 15896 | Lair:1   | Reached XP level 13. HP: 64/106 MP: 0/0
 15896 | Lair:1   | Learned a level 5 spell: Curse of Agony
 16454 | Lair:1   | Reached skill level 15 in Fighting
 17282 | Lair:2   | Reached skill level 12 in Spellcasting
 17282 | Lair:2   | Reached skill level 12 in Conjurations
 17282 | Lair:2   | Reached skill level 12 in Hexes
 17282 | Lair:2   | Reached skill level 12 in Summonings
 17282 | Lair:2   | Reached skill level 12 in Necromancy
 17282 | Lair:2   | Reached skill level 12 in Translocations
 17282 | Lair:2   | Reached skill level 12 in Fire Magic
 17282 | Lair:2   | Reached skill level 12 in Ice Magic
 17282 | Lair:2   | Reached skill level 12 in Air Magic
 17282 | Lair:2   | Reached skill level 12 in Earth Magic
 17282 | Lair:2   | Reached skill level 12 in Alchemy
 18024 | Lair:2   | Identified a potion of resistance
 18541 | Lair:3   | Found a staircase to the Swamp.
 18734 | Lair:3   | Reached skill level 16 in Fighting
 18839 | Lair:3   | Found a hole to the Spider Nest.
 19308 | Lair:3   | HP: 10/109 [spore (7)]
 19966 | Lair:4   | Reached XP level 14. HP: 63/117 MP: 0/0
 20012 | Lair:4   | Found a gate leading to a gauntlet.
 20025 | Gauntlet | Entered a Gauntlet
 20025 | Gauntlet | Found a transporter.
 20197 | Gauntlet | Found a transporter.
 20214 | Gauntlet | Found a transporter.
 20218 | Gauntlet | Found a transporter.
 20239 | Gauntlet | Found a transporter.
 20260 | Gauntlet | Found a transporter.
 20264 | Gauntlet | Found a transporter.
 20277 | Gauntlet | Found a transporter.
 20287 | Gauntlet | Found a transporter.
 20314 | Gauntlet | Found a transporter.
 20314 | Gauntlet | Found a transporter.
 20320 | Gauntlet | Found a transporter.
 20427 | Gauntlet | Identified 2 scrolls of acquirement
 20428 | Gauntlet | Killed from afar by a laughing skull

Vanquished Creatures
  An ogre mage (D:12)
  2 boulder beetles
  6 two-headed ogres (D:12)
  A skyshark (Lair:3)
  2 manticores
  3 ugly things
  A wolf spider (Lair:3)
  2 cyclopes
  5 black mambas
  3 elephants (Lair:3)
  2 dancing weapons
  7 cane toads
  A komodo dragon (Lair:4)
  Maggie (D:6)
  A gargoyle (D:11)
  A kobold demonologist (D:12)
  A rime drake (Lair:4)
  3 trolls
  17 blink frogs
  A vampire (D:11)
  Sigmund (D:5)
  4 wraiths
  10 yaks
  4 wyverns
  3 basilisks
  3 redbacks (Lair:3)
  A steam dragon (Lair:3)
  3 acid dragons
  Duvessa (D:5)
  9 water moccasins
  18 orc warriors
  2 ice beasts
  15 ogres
  11 centaurs
  11 wolves
  A weeping skull (Gauntlet)
  2 kobold brigands
  8 bullfrogs
  2 scorpions
  Dowan (D:5)
  16 wights
  13 killer bees
  5 howler monkeys
  A centaur zombie (D:8)
  3 hounds (D:5)
  A bombardier beetle (D:3)
  3 jellies
  3 iron imps (D:4)
  6 orc priests
  5 iguanas
  2 sleepcaps
  7 orc wizards
  4 hell rats (Lair:2)
  A killer bee zombie (D:8)
  An ogre zombie (D:8)
  3 gnolls
  5 adders
  2 white imps
  4 ufetubi (D:5)
  2 dart slugs
  3 ribbon worms
  51 orcs
  8 ball pythons
  8 bats
  9 endoplasms
  3 giant cockroaches
  9 goblins
  8 hobgoblins
  19 kobolds
  4 quokkas
  6 frilled lizards
  11 rats
397 creatures vanquished.

Vanquished Creatures (collateral kills)
  An orc warrior (D:8)
  A wight (D:6)
2 creatures vanquished.

Vanquished Creatures (others)
  3 dancing weapons
3 creatures vanquished.

Grand Total: 402 creatures vanquished

Table legend: (Time is in decaauts)
 A = Elapsed time spent in this place.
 B = Non-inter-level travel time spent in this place.
 C = Inter-level travel time spent in this place.
 D = Time resting spent in this place.
 E = Time spent auto-exploring this place.
 F = Levels seen in this place.
 G = Mean time per level.
                   A        B        C        D        E       F      G
               +--------+--------+--------+--------+--------+-----+--------+
         Total |  20474 |  19892 |    582 |   2722 |  13754 |  18 | 1137.4 |
       Dungeon |  14417 |  13927 |    490 |   2332 |   9222 |  12 | 1201.4 |
          Lair |   4243 |   4151 |     92 |     46 |   3467 |   4 | 1060.8 |
        Bailey |   1409 |   1409 |      0 |    344 |    763 |   1 | 1409.0 |
      Gauntlet |    402 |    402 |      0 |      0 |    302 |   1 |  402.0 |
               +--------+--------+--------+--------+--------+-----+--------+

Top non-repeatable levels by time:
    D:11: 2350 daAuts
     D:4: 2219 daAuts
    D:12: 1942 daAuts
  Lair:3: 1473 daAuts
  Lair:2: 1431 daAuts
  Bailey: 1409 daAuts
     D:2: 1325 daAuts
     D:5: 1273 daAuts
  Lair:1: 1079 daAuts
     D:6: 954 daAuts
     D:9: 882 daAuts
     D:1: 777 daAuts
     D:3: 774 daAuts
    D:10: 768 daAuts
     D:7: 648 daAuts

Table legend:
 A = Non-vault XP
 B = Vault XP
 C = Vault XP percentage of total XP
 D = Non-vault monster count
 E = Vault monster count
 F = Vault count percentage of total count
                 A         B        C        D         E       F
            +---------+---------+-------+---------+---------+-------
      Total |   33359 |   13007 |  28.1 |     299 |      98 |  24.7
            +---------+---------+-------+---------+---------+-------
        D:1 |      30 |       0 |   0.0 |      20 |       0 |   0.0
        D:2 |      70 |       0 |   0.0 |      26 |       0 |   0.0
        D:3 |     110 |       0 |   0.0 |      26 |       0 |   0.0
        D:4 |     610 |     128 |  17.3 |      23 |       7 |  23.3
        D:5 |     711 |     444 |  38.4 |      21 |       3 |  12.5
        D:6 |     692 |     379 |  35.4 |      19 |       1 |   5.0
        D:7 |     796 |       0 |   0.0 |      12 |       0 |   0.0
        D:8 |     557 |     106 |  16.0 |       8 |       3 |  27.3
        D:9 |    1414 |       5 |   0.4 |      27 |       1 |   3.6
       D:10 |    1509 |       0 |   0.0 |      17 |       0 |   0.0
       D:11 |    4200 |     743 |  15.0 |      13 |      15 |  53.6
       D:12 |    3906 |    7413 |  65.5 |      10 |      21 |  67.7
     Lair:1 |    3439 |       0 |   0.0 |      14 |       0 |   0.0
     Lair:2 |    5419 |       0 |   0.0 |      23 |       0 |   0.0
     Lair:3 |    6865 |    1071 |  13.5 |      24 |       4 |  14.3
     Lair:4 |    3031 |     187 |   5.8 |      16 |       1 |   5.9
     Bailey |       0 |    2429 | 100.0 |       0 |      41 | 100.0
   Gauntlet |       0 |     102 | 100.0 |       0 |       1 | 100.0
            +---------+---------+-------+---------+---------+-------
